 Dungeon Crawl Stone Soup version 0.22.0-75-g3901e79 (webtiles) character file.

111 PaladinM the Slasher (level 5, 0/41 HPs)
             Began as a Human Fighter on Sept 13, 2018.
             Slain by an ice beast (10 damage)
             ... on level 2 of the Dungeon.
             The game lasted 00:08:14 (1983 turns).

PaladinM the Slasher (Human Fighter)                Turns: 1983, Time: 00:08:15

Health: 0/41       AC:  6    Str: 18    XL:     5   Next: 15%
Magic:  5/5        EV:  7    Int:  8    God:
Gold:   88         SH:  8    Dex:  9    Spells: 4/4 levels left

rFire    . . .     SeeInvis .   a - +0 long sword
rCold    . . .     Gourm    .   c - +0 shield
rNeg     . . .     Faith    .   b - +0 scale mail
rPois    .         Spirit   .   (no helmet)
rElec    .         Reflect  .   (no cloak)
rCorr    .         Harm     .   (no gloves)
MR       .....                  (no boots)
Stlth    ..........             (no amulet)
HPRegen  0.13/turn              o - -3 ring of dexterity (curse)
MPRegen  0.09/turn              (no ring)

@: no status effects
A: no striking features
a: no special abilities


You were on level 2 of the Dungeon.
You were hungry.

You visited 1 branch of the dungeon, and saw 4 of its levels.

You collected 88 gold pieces.

Inventory:

Hand Weapons
 a - a +0 long sword (weapon)
Armour
 b - a +0 scale mail (worn)
 c - a +0 shield (worn)
Jewellery
 o - a cursed -3 ring of dexterity (left hand)
Scrolls
 e - a scroll of fog {unknown}
 h - 3 scrolls of amnesia
 j - 3 scrolls of immolation
 k - a scroll of teleportation
 m - a scroll of remove curse
 n - a scroll of enchant armour {unknown}
 q - a scroll of enchant weapon {unknown}
Potions
 d - a potion of might
 g - 2 potions of brilliance
 i - a potion of berserk rage {unknown}
 l - a potion of lignification {unknown}
Comestibles
 f - 3 rations


   Skills:
 - Level 3.0 Fighting
 + Level 4.9 Long Blades
 - Level 3.0 Armour
 - Level 3.0 Shields


You had 4 spell levels left.
You didn't know any spells.
Your spell library was empty.

Dungeon Overview and Level Annotations

Branches:
Dungeon (4/15)
 Temple: D:4-7

Altars:
Cheibriados
Dithmenos
Elyvilon
Fedhas
Ru
Yredelemnul
Zin


Message History

Unknown command.
Your scale mail prevents you from hitting the ice beast.
The ice beast hits you but does no damage.
You hit the ice beast but do no damage.
The ice beast hits you but does no damage.
You closely miss the ice beast.
The ice beast hits you but does no damage.
The ice beast hits you. The ice beast freezes you!
Your shield and scale mail prevent you from hitting the ice beast.
The ice beast hits you. The ice beast freezes you!
The ice beast hits you but does no damage.
There is a stone staircase leading up here.
There is a stone staircase leading up here.
There is a stone staircase leading up here.
The ice beast hits you. The ice beast freezes you.
* * * LOW HITPOINT WARNING * * *
The ice beast hits you.
* * * LOW HITPOINT WARNING * * *
The ice beast freezes you!
You die...

.....#.≈.#....##..###....#
....#..[#....#...#.####.#
##..#.≈.#..........# #.#
##...#...#.......#..# ##.#
#..##≈.≈.≈.......#.## #..#
#...≈.≈.)...#....# #..#
#####.....#.....##...#
#..#
###......####.##.###..##
#..#
.....##.###<..##@##...#
#..#
.._.()#.###<###Y.##...###
#..# ..8.........#
#.###.....# #..#
.._......>### #.# #.#.#.#
#..# ..........# ##.#
#.....# #..# ##........#
#..# #.....###..#
..........####.##
###...##...#
####..######...#
#....#.#.# # #..# #....###
#..#.#.#.#


You could see an ice beast.

Vanquished Creatures
  4 adders
  4 dart slugs
  2 worms
  4 leopard geckos
  An orc (D:2)
  3 giant cockroaches
  6 goblins
  3 hobgoblins
  8 jackals
  6 kobolds
  6 bats
  3 frilled lizards
  6 rats
56 creatures vanquished.

Notes
Turn   | Place    | Note
-------+----------+-------------------------------------------
     0 | D:1      | PaladinM the Human Fighter began the quest for the Orb.
     0 | D:1      | Reached XP level 1. HP: 18/18 MP: 1/1
   190 | D:1      | Reached XP level 2. HP: 24/24 MP: 2/2
   226 | D:1      | Reached skill level 3 in Long Blades
   434 | D:1      | Reached XP level 3. HP: 29/29 MP: 3/3
   867 | D:2      | Found a basalt altar of Yredelemnul.
   867 | D:2      | Found a snail-covered altar of Cheibriados.
   922 | D:2      | Reached skill level 4 in Long Blades
   922 | D:2      | Reached XP level 4. HP: 35/35 MP: 4/4
   971 | D:2      | Noticed an ice beast
  1454 | D:2      | Found a sacrificial altar of Ru.
  1528 | D:3      | Found a shadowy altar of Dithmenos.
  1528 | D:3      | Found a white marble altar of Elyvilon.
  1533 | D:3      | Found a blossoming altar of Fedhas.
  1535 | D:3      | Found a glowing silver altar of Zin.
  1537 | D:3      | Found a faded altar of an unknown god.
  1852 | D:3      | Reached XP level 5. HP: 31/41 MP: 5/5
  1983 | D:2      | Slain by an ice beast

Skill      XL: |  1  2  3 |
---------------+----------+-----
Long Blades    | 3 4 |  4.9
Fighting       | |  3.0
Armour         | |  3.0
Shields        | |  3.0

Action                   |  1- 3 |  4- 6 || total
-------------------------+-------+-------++-------
Melee: Long sword        |    93 |    96 ||   189
  Use: Scroll            |       |     6 ||     6
  Eat: Chunk             |       |     3 ||     3
Armor: Scale mail        |    49 |    50 ||    99
Dodge: Dodged            |    21 |    43 ||    64
Block: Shield            |    51 |    62 ||   113
       Rpst.: Long sword |     8 |    11 ||    19
